 Dungeon Crawl Stone Soup version 0.31.0-12-g77e489cdc1 (webtiles) character file.

Game seed: 7447154994671739471

278 cdecastro the Cudgeller (level 6, -2/48 HPs)
             Began as an Armataur Warper on Mar 3, 2024.
             Was a High Priest of Ignis.
             Slain by an ogre
             ... wielding a +0 giant spiked club
              (18 damage)
             ... on level 4 of the Dungeon on Mar 4, 2024.
             The game lasted 00:05:33 (3402 turns).

cdecastro the Cudgeller (Armataur Warper)           Turns: 3402, Time: 00:05:33

Health: -2/48      AC: 10    Str: 18    XL:     6   Next: 5%
Magic:  8/8        EV:  3    Int: 13    God:    Ignis [*****.]
Gold:   24         SH:  0    Dex: 10    Spells: 8/8 levels left

rFire   + . .        a - +0 mace
rCold   . . .        (no shield)
rNeg    . . .        A - +0 plate armour
rPois   .            f - +0 helmet
rElec   .            g - +0 cloak
rCorr   .            (no gloves)
SInv    .            (no barding)
Will    .....        (no amulet) Stlth
                     (no ring)
HPRegen 0.28/turn    (no ring)
MPRegen 0.11/turn

%: roll
@: no status effects
A: large, deformed body, tough skin 3, armoured tail, roll 1
a: Renounce Religion, Fiery Armour, Foxfire Swarm, Rising Flame


You were on level 4 of the Dungeon.
You worshipped Ignis.
Ignis was extremely pleased with you.
You visited 1 branch of the dungeon, and saw 4 of its levels.

You collected 297 gold pieces.
You spent 273 gold pieces at shops.

Inventory:

Hand Weapons
 a - a +0 mace (weapon)
Missiles
 d - 7 darts of dispersal (quivered)
 h - 6 atropa-tipped darts
 k - 3 javelins
Armour
 f - a +0 helmet (worn)
 g - a +0 cloak (worn)
 A - a +0 plate armour (worn)
Magical Staves
 j - a staff of cold
Jewellery
 m - a ring of fire
Wands
 q - a wand of charming (9)
 s - a wand of flame (12)
Scrolls
 c - a scroll of blinking
 l - a scroll of enchant weapon {unknown}
 o - a scroll of amnesia {unknown}
 p - 3 scrolls of vulnerability
 r - a scroll of revelation {unknown}
 u - a scroll of identify
 w - 2 scrolls of teleportation
 x - 2 scrolls of fog
 y - a scroll of poison
 z - a scroll of summoning
Potions
 b - 2 potions of attraction {unknown}
 e - a potion of resistance {unknown}
 i - a potion of cancellation {unknown}
 n - a potion of berserk rage {unknown}
 t - a potion of degeneration {unknown}
 v - 3 potions of heal wounds


   Skills:
 - Level 1.7 Fighting
 + Level 5.8 Maces & Flails
 - Level 0.8 Throwing
 - Level 1.2 Armour
 - Level 1.3 Dodging
 - Level 1.7 Spellcasting
 - Level 3.0 Translocations


You had 8 spell levels left.
You didn't know any spells.
Your spell library contained the following spells:

 Spells                   Type           Power      Damage    Failure   Level
 Blink                    Tloc           16%        N/A       99%         2
 Lesser Beckoning         Tloc           16%        N/A       99%         2
 Teleport Other           Tloc           8%         N/A       100%        3
 Manifold Assault         Tloc           8%         N/A       100%        4
 Vhi's Electric Charge    Tloc/Air       10%        N/A       100%        4


Dungeon Overview and Level Annotations

Branches:
Dungeon (4/15)
 Temple: D:4-7

Altars:
Gozag
Hepliaklqana
Nemelex Xobeh
Qazlal
Ignis

Shops:
D:3 ?   D:4 ?

Annotations:
D:4 3 runed translucent doors, seawaffle's ghost, novice FoHu


Innate Abilities, Weirdness & Mutations

Armour fits poorly on your strangely shaped body.
You have extremely tough skin. (AC +3)
You have a long armoured tail.
You regenerate magic when rolling toward enemies. (Rampage MPRegen)


Message History

A ribbon worm is nearby!
You struggle to detach yourself from the web.
The web tears apart.
The ribbon worm bites you but does no damage.
You hit the ribbon worm.
The ribbon worm is lightly wounded.
You sock the ribbon worm!
The ribbon worm is severely wounded.
The ribbon worm bites you but does no damage.
You barely miss the ribbon worm. You tail-slap the ribbon worm!
You kill the ribbon worm!
You open the door.
There is an open door here.
You open the door.
There is an open door here.
There is an open door here.
There is an open door here.
b - 2 blue potions A giant cockroach comes into view.
A giant cockroach is nearby!
A giant cockroach is nearby!
You roll towards the giant cockroach!
You barely miss the giant cockroach. You tail-slap the giant cockroach.
You kill the giant cockroach!
You see here a giant cockroach corpse.
An ogre and a jackal come into view.
There are monsters nearby!
There are monsters nearby!
There are monsters nearby!
You hit the ogre.
The ogre is lightly wounded.
The ogre hits you with a +0 giant spiked club!!
You hit the ogre.
Your tail-slap misses the ogre.
The ogre is moderately wounded.
The ogre hits you with a +0 giant spiked club!
* * * LOW HITPOINT WARNING * * *
You barely miss the ogre.
The ogre is moderately wounded.
The ogre hits you with a +0 giant spiked club!!
You die...

#####################
##..#
##..###..############..#
#.................'....#
#.................#....#
+.......†.........#....#
##..###..###.#########'#
##+###..############..#
..............#.......#
...........@..#.......#
#######..###O.######..#
#### .## ####..# ..
#.....# ... #.....#
.8..#.....# ....#######
..###


You could see an ogre.

Vanquished Creatures
  Sigmund (D:3)
  4 adders
  6 dart slugs
  2 ribbon worms
  An orc (D:3)
  3 ball pythons
  5 bats
  6 endoplasms
  6 giant cockroaches
  8 goblins
  8 hobgoblins
  3 quokkas
  4 frilled lizards
  5 kobolds
  9 rats
71 creatures vanquished.

Notes
Turn   | Place    | Note
-------+----------+-------------------------------------------
     0 | D:1      | cdecastro the Armataur Warper began the quest for the Orb.
     0 | D:1      | Reached XP level 1. HP: 17/17 MP: 3/3
    32 | D:1      | Reached skill level 2 in Maces & Flails
    80 | D:1      | Reached XP level 2. HP: 11/24 MP: 4/4
   280 | D:1      | Reached skill level 3 in Maces & Flails
   590 | D:1      | Reached XP level 3. HP: 29/29 MP: 5/5
   797 | D:2      | Found a faded altar of an unknown god.
   827 | D:2      | Prayed at the altar of an unknown god.
   827 | D:2      | Became a worshipper of Ignis, the Dying Flame
  1264 | D:2      | Reached XP level 4. HP: 36/36 MP: 6/6
  1283 | D:2      | Reached skill level 4 in Maces & Flails
  1931 | D:3      | Found a hazy altar of Hepliaklqana.
  1931 | D:3      | Found a stormy altar of Qazlal.
  1962 | D:3      | Found a sparkling altar of Nemelex Xobeh.
  2123 | D:3      | Noticed Sigmund
  2130 | D:3      | Killed Sigmund
  2131 | D:3      | Reached skill level 5 in Maces & Flails
  2131 | D:3      | Reached XP level 5. HP: 24/41 MP: 7/7
  2326 | D:3      | Found Kecsohin's Magic Scroll Emporium.
  2334 | D:3      | Bought a scroll of identify for 20 gold pieces
  2334 | D:3      | Bought a scroll of teleportation for 30 gold pieces
  2334 | D:3      | Bought a scroll of fog for 40 gold pieces
  2334 | D:3      | Bought a scroll of poison for 40 gold pieces
  2334 | D:3      | Bought a scroll of summoning for 95 gold pieces
  2993 | D:4      | Found a runed translucent gate.
  2993 | D:4      | Found a runed translucent gate.
  2994 | D:4      | Found a runed translucent gate.
  2994 | D:4      | Found an opulent altar of Gozag.
  2995 | D:4      | Noticed seawaffle's ghost (novice FoHu)
  3148 | D:4      | Found Naevu's Magic Scroll Shop.
  3162 | D:4      | Bought a scroll of vulnerability for 48 gold pieces
  3246 | D:4      | Reached XP level 6. HP: 34/48 MP: 8/8
  3402 | D:4      | Slain by an ogre

Illustrated notes

Levels and vault maps discovered:
D:1:      roadster_arrival_rocket_small, layout_rooms, serial_bayou_pond_b
D:2:      layout_loops_corners, shapermc_ecumenical_altar_mp_ritualfount
D:3:      layout_basic, gammafunk_temple_overflow_elements,
          nemelex_altar_shiori, serial_shops, shop, minmay_misc_feat_room,
          uniq_sigmund
D:4:      layout_gridville, serial_shops, nicolae_shop_tiny_glass,
          ebering_ghost_gozag, st_stairs_4, grunt_ministairs_1

Skill      XL: |  1  2  3  4 |
---------------+-------------+-----
Maces & Flails | 2 3 5 |  5.8
Fighting       | |  1.7
Throwing       | |  0.8
Armour         | |  1.2
Dodging        | |  1.3
Spellcasting   | |  1.7
Translocations | |  3.0

Action                     |  1- 3 |  4- 6 || total
---------------------------+-------+-------++-------
  Melee: Mace              |   114 |    84 ||   198
         Punch             |     1 |       ||     1
         Tailslap          |    13 |    12 ||    25
    Use: Scroll            |       |     1 ||     1
   Stab: Sleeping          |       |     1 ||     1
 Armour: Leather armour    |    80 |    36 ||   116
         Plate armour      |       |    24 ||    24
  Dodge: Dodged            |    51 |    23 ||    74
